AoeStats
← skeezerrr

Arabia

508903791Analyzed
4v4 RM · 9d ago on Sep 24, 2026· 28m 21s· 8 players
Game mode
Random Map
Map size
Large (8 player)
Population
200
Speed
Normal
Resources
Standard
Victory
Conquest
Starting age
Dark Age
Ending age
Imperial Age
RankedLock teamsTeams togetherTeam positionsShared explorationLock speedFull tech treeHidden civsTurbo modeCheats
Victory
Defeat
🇵🇪 Varangians · Peru
1439
+9
🇦🇷 Hindustanis · Argentina
1167
+19
🇦🇷 Franks · Argentina
1090
+22
🇦🇷 Romans · Argentina
1083
+23
1315
-21
🇬🇧 Mongols · United Kingdom
1235
-18
🇺🇸 Franks · United States
1218
-17
🇬🇧 Vietnamese · United Kingdom
1216
-17
Kryptonknight
9:09 Feudal Age
7:26 Loom
9:53 Double-Bit Axe
23:53 Castle Age
22:58 Fletching
23:09 Padded Archer Armor
25:03 Bow Saw
24:51 Bodkin Arrow
25:22 Gold Mining
26:26 Ballistics
26:36 Husbandry
skeezerrr
5:38 Loom
11:06 Feudal Age
11:51 Double-Bit Axe
12:43 Wheelbarrow
20:00 Fletching
23:23 Castle Age
21:34 Gold Mining
22:27 Stone Mining
23:02 Padded Archer Armor
23:58 Crossbowman
KiFQiT - Joseph Vissarionovitch
6:51 Loom
9:21 Feudal Age
13:59 Double-Bit Axe
20:13 Fletching
20:23 Padded Archer Armor
27:00 Castle Age
Husain Bolt
7:33 Loom
9:43 Feudal Age
10:30 Double-Bit Axe
12:56 Bloodlines
13:15 Forging
21:49 Scale Barding Armor
26:03 Castle Age
Beto Casela
6:22 Loom
9:31 Feudal Age
9:48 Man-at-Arms
14:58 Wheelbarrow
15:41 Scale Mail Armor
19:07 Fletching
22:57 Castle Age
22:59 Padded Archer Armor
24:44 Chain Mail Armor
24:28 Double-Bit Axe
24:07 Long Swordsman
25:23 Squires
poteytor123
6:26 Loom
8:50 Feudal Age
9:41 Double-Bit Axe
22:13 Castle Age
20:44 Gold Mining
25:00 Bow Saw
25:31 Scale Barding Armor
28:08 Chain Barding Armor
27:58 Forging
Ing.Patrick QG
8:40 Feudal Age
8:45 Loom
10:31 Bloodlines
10:24 Double-Bit Axe
14:51 Horse Collar
16:40 Forging
17:49 Scale Barding Armor
23:32 Castle Age
22:33 Gold Mining
23:41 Light Cavalry
24:42 Chain Barding Armor
24:52 Husbandry
25:49 Wheelbarrow
A pelubi
5:40 Loom
8:58 Feudal Age
10:01 Double-Bit Axe
13:27 Horse Collar
21:36 Castle Age
21:07 Fletching
21:33 Padded Archer Armor
21:26 Gold Mining
22:19 Elite Skirmisher
23:52 Bodkin Arrow
28:09 Wheelbarrow
28:24 Bow Saw
28:17 Heavy Plow
28:41 Thumb Ring
Connection lost

Rejoining the realm…

Still unreachable

The connection could not be restored.

Session expired

The server has moved on; the page needs a fresh start.